 Dungeon Crawl Stone Soup version 0.29-a0-284-gf9362112df (webtiles) character file.

Game seed: 14145234648223398607

218 siradein the Bolt Thrower (level 5, -4/46 HPs)
             Began as a Draconian Hunter on Mar 17, 2022.
             Killed by nerve-wracking pain
             ... invoked by an orc priest
              (13 damage)
             ... on level 3 of the Dungeon.
             The game lasted 00:06:07 (2585 turns).

siradein the Bolt Thrower (Draconian Hunter)        Turns: 2585, Time: 00:06:07

Health: -4/46      AC:  8    Str: 13    XL:     5   Next: 63%
Magic:  5/5        EV: 11    Int: 12    God:
Gold:   176        SH:  7    Dex: 14    Spells: 4/4 levels left

rFire   . . .      SeeInvis .   a - +1 hand crossbow
rCold   . . .      Faith    .   n - +0 kite shield
rNeg    . . .      Spirit   .   (body armour unavailable)
rPois   .          Reflect  .   c - +2 hat
rElec   .          Harm     .   h - +0 cloak
rCorr   .          Rampage  .   (no gloves)
Will    .....                   (no boots)
Stlth   ++........              (no amulet)
HPRegen 0.15/turn               (no ring)
MPRegen 0.09/turn               (no ring)

@: no status effects
A: AC +5, unfitting armour, cold-blooded
a: no special abilities


You were on level 3 of the Dungeon.
You visited 1 branch of the dungeon, and saw 3 of its levels.

You collected 176 gold pieces.

Inventory:

Hand Weapons
 a - a +1 hand crossbow (weapon)
Armour
 c - a +2 hat (worn)
 h - a +0 cloak (worn)
 n - a +0 kite shield (worn)
Jewellery
 m - a ring of protection from cold
Scrolls
 b - 2 scrolls of immolation
 e - 2 scrolls of teleportation {unknown}
 f - 3 scrolls of identify {unknown}
 g - a scroll of magic mapping {unknown}
 i - a scroll of enchant armour {unknown}
 j - a scroll of blinking {unknown}
Potions
 d - 2 potions of flight {unknown}
 k - a potion of heal wounds {unknown}
 l - a potion of attraction {unknown}


   Skills:
 + Level 4.1 Fighting
 + Level 4.6 Crossbows
 + Level 3.4 Dodging
 - Level 0.8 Stealth


You had 4 spell levels left.
You didn't know any spells.
Your spell library contained the following spells:

 Spells                   Type           Power      Damage    Failure   Level
 Sublimation of Blood     Necr           0%         N/A       88%         2
 Petrify                  Tmut/Erth      0%         N/A       100%        4
 Irradiate                Conj/Tmut      0%         3d14      100%        5


Dungeon Overview and Level Annotations

Branches:
Dungeon (3/15)

Altars:


Innate Abilities, Weirdness & Mutations

Your plain brown scales are hard. (AC +5)
You cannot fit into any form of body armour.
You are cold-blooded and may be slowed by cold attacks.


Message History

You shoot a bolt. The bolt hits the orc priest.
The orc priest is heavily wounded.
The orc priest calls down the wrath of Beogh upon you.
Beogh smites you!
The gnoll hits you from afar with a +0 spear.
You block the orc priest's attack.
You are too injured to fight recklessly!
You are too injured to fight recklessly!
You are too injured to fight recklessly!
You are too injured to fight recklessly!
Shoot: a) +1 hand crossbow
Press: ? - help, Q - select action Shift-Dir - straight line, f/p - orc priest
Aim: an orc priest, wielding a +0 trident (heavily wounded, 65% to hit)
You shoot a bolt. The bolt closely misses the orc priest.
The orc priest hits you but does no damage.
You block the gnoll's attack.
Shoot: a) +1 hand crossbow
Press: ? - help, Q - select action Shift-Dir - straight line, f/p - orc priest
Aim: an orc priest, wielding a +0 trident (heavily wounded, 65% to hit)
You shoot a bolt. The bolt hits the orc priest.
The orc priest is almost dead.
The orc priest misses you. You block the gnoll's attack.
The orc priest hits you from afar with a +0 trident.
The gnoll hits you from afar with a +0 spear.
* * * LOW HITPOINT WARNING * * *
Shoot: a) +1 hand crossbow
Press: ? - help, Q - select action Shift-Dir - straight line, f/p - orc priest
Aim: an orc priest, wielding a +0 trident (almost dead, 65% to hit)
You shoot a bolt.
The bolt hits the orc priest but does no damage.
The orc priest is almost dead.
The orc priest closely misses you. You block the gnoll's attack.
Shoot: a) +1 hand crossbow
Press: ? - help, Q - select action Shift-Dir - straight line, f/p - orc priest
Aim: an orc priest, wielding a +0 trident (almost dead, 65% to hit)
You shoot a bolt. The bolt barely misses the orc priest.
You block the orc priest's attack. The gnoll hits you but does no damage.
The orc priest invokes the aid of Beogh against you.
Pain shoots through your body!
You die...

#....≈≈#####≈≈≈≈≈≈≈≈≈≈≈≈
#....≈≈#gg.#............
#...P≈≈#...#############
#....≈≈###+# #....≈≈≈.#
#....≈≈≈.#.
#....≈≈≈.#.######
#.P..≈≈≈.#.)....#
#....≈≈≈.#.).@..#
#....≈≈≈.#.###)##
#....≈≈≈.# #..og#
#....≈≈≈.#.#....###'#
#....≈≈###'#.)..o.....
#....≈≈#...#'############
#....≈≈#...#.............
#....≈≈#####≈≈)≈≈≈≈≈≈≈≈≈≈
#....≈≈≈≈≈≈≈≈≈≈≈≈≈≈≈≈≈≈≈≈


You could see an orc priest, a gnoll and an orc.

Vanquished Creatures
  11 gnolls (D:3)
  2 adders (D:2)
  2 worms (D:2)
  13 orcs (D:3)
  3 bats
  3 endoplasms (D:1)
  A giant cockroach (D:1)
  4 hobgoblins (D:1)
  13 jackals
  7 kobolds
  5 quokkas
  A ball python (D:1)
  A frilled lizard (D:1)
  3 goblins
  A rat (D:1)
70 creatures vanquished.

Notes
Turn   | Place    | Note
-------+----------+-------------------------------------------
     0 | D:1      | siradein the Draconian Hunter began the quest for the Orb.
     0 | D:1      | Reached XP level 1. HP: 17/17 MP: 1/1
    91 | D:1      | Reached XP level 2. HP: 25/25 MP: 2/2
   666 | D:1      | Reached XP level 3. HP: 30/30 MP: 3/3
  1545 | D:3      | Reached XP level 4. HP: 38/38 MP: 4/4
  1919 | D:3      | Reached XP level 5. HP: 22/46 MP: 5/5
  2585 | D:3      | Killed from afar by an orc priest

Illustrated notes

Levels and vault maps discovered:
D:1:      dpeg_arrival_tiny_a, layout_loops_corners
D:2:      layout_loops_ring, hangedman_decor_diamond_cutter, st_stairs_8
D:3:      lemuel_castle_with_subvaults [lemuel_castle_interior_carwin_1],
          layout_loops_corners, serial_shops, nicolae_shop_bloodbath_and_beyond

Skill      XL: |  1  2  3  4  5 |
---------------+----------------+-----
Dodging        | 2 3 |  3.4
Fighting       | 3 4 |  4.1
Crossbows      | 4 |  4.6
Stealth        | |  0.8

Action                   |  1- 3 |  4- 6 || total
-------------------------+-------+-------++-------
 Fire: Hand crossbow     |   116 |   162 ||   278
Armor: Skin              |    22 |    30 ||    52
Dodge: Dodged            |    32 |    66 ||    98
Block: Kite shield       |       |    39 ||    39

Table legend: (Time is in decaauts)
 A = Elapsed time spent in this place.
 B = Non-inter-level travel time spent in this place.
 C = Inter-level travel time spent in this place.
 D = Time resting spent in this place.
 E = Time spent auto-exploring this place.
 F = Levels seen in this place.
 G = Mean time per level.
                   A        B        C        D        E       F      G
               +--------+--------+--------+--------+--------+-----+--------+
         Total |   2696 |   2648 |     48 |    391 |   1657 |   3 |  898.7 |
       Dungeon |   2696 |   2648 |     48 |    391 |   1657 |   3 |  898.7 |
               +--------+--------+--------+--------+--------+-----+--------+

Top non-repeatable levels by time:
     D:3: 1123 daAuts
     D:1: 887 daAuts
     D:2: 685 daAuts
